 Dungeon Crawl Stone Soup version 0.27-a0-1177-g245c70e1c0 (webtiles) character file.

Game seed: 1923846603413061700

1385 pokeman the Thaumaturge (level 8, -1/44 HPs)
             Began as a Deep Elf Hedge Wizard on May 16, 2021.
             Slain by an orc warrior
             ... wielding a +0 glaive
              (19 damage)
             ... on level 6 of the Dungeon.
             The game lasted 00:13:25 (7283 turns).

pokeman the Thaumaturge (Deep Elf Hedge Wizard)     Turns: 7283, Time: 00:13:25

Health: -1/44      AC:  3    Str:  7    XL:     8   Next: 40%
Magic:  15/23      EV: 12    Int: 22    God:
Gold:   351        SH:  0    Dex: 14    Spells: 15/26 levels left

rFire    . . .     SeeInvis .   o - +2 dagger (venom)
rCold    . . .     Faith    .   (no shield)
rNeg     . . .     Spirit   .   d - +0 leather armour
rPois    .         Reflect  .   c - +0 hat
rElec    .         Harm     .   w - scarf {+Inv}
rCorr    .         Rampage  .   (no gloves)
Will     .....                  (no boots)
Stlth    ++........             (no amulet)
HPRegen  0.14/turn              (no ring)
MPRegen  0.18/turn              (no ring)

@: no status effects
A: no striking features
a: Evoke Invisibility


You were on level 6 of the Dungeon.
You visited 2 branches of the dungeon, and saw 7 of its levels.

You collected 351 gold pieces.

Inventory:

Hand Weapons
 o - a +2 dagger of venom (weapon)
 u - a +0 shortbow
Missiles
 f - 113 arrows
 g - 77 bolts
Armour
 c - a +0 hat (worn)
 d - a +0 leather armour (worn)
 r - a +0 buckler
 w - a scarf of invisibility (worn)
Jewellery
 m - a ring of flight
Wands
 i - a wand of digging (11)
 t - a wand of acid (6)
Scrolls
 b - 7 scrolls of identify {unknown}
 e - 2 scrolls of teleportation {unknown}
 h - a scroll of amnesia {unknown}
 j - a scroll of enchant weapon {unknown}
 k - a scroll of vulnerability {unknown}
 p - a scroll of enchant armour {unknown}
 q - a scroll of silence {unknown}
 s - a scroll of fear {unknown}
Potions
 a - a potion of degeneration {unknown}
 l - 5 potions of curing
 n - a potion of invisibility {unknown}
 v - 2 potions of berserk rage {unknown}
 x - a potion of lignification {unknown}


   Skills:
 - Level 2.0 Fighting
 - Level 2.0 Armour
 - Level 3.3 Dodging
 - Level 3.0 Stealth
 + Level 1.3 Shields
 * Level 9.6 Spellcasting
 + Level 5.0 Conjurations
 - Level 1.1 Summonings
 - Level 1.1 Translocations
 + Level 2.9 Fire Magic
 - Level 1.1 Air Magic
 - Level 1.1 Poison Magic
 - Level 2.1 Evocations


You had 15 spell levels left.
You knew the following spells:

 Your Spells              Type           Power      Damage    Failure   Level
a - Magic Dart            Conj           100%       1d8       1%          1
b - Mephitic Cloud        Conj/Pois/Air  21%        N/A       10%         3
c - Call Imp              Summ           15%        N/A       9%          2
d - Blink                 Tloc           N/A        N/A       9%          2
e - Conjure Flame         Conj/Fire      28%        6-21      5%          3

Your spell library contained the following spells:

 Spells                   Type           Power      Damage    Failure   Level
 Slow                     Hex            10%        N/A       14%         2


Dungeon Overview and Level Annotations

Branches:
Dungeon (6/15)             Temple (1/1) D:5

Altars:
Ashenzari
Dithmenos
Elyvilon
Gozag
Makhleb
Nemelex Xobeh
Okawaru
Qazlal
Ru
Sif Muna
Trog
Uskayaw
Wu Jian
Xom
Yredelemnul
Zin

Shops:
D:2 :


Message History

You hit the orc warrior.
The orc warrior is poisoned.
The orc warrior is moderately wounded.
The orc warrior is engulfed in blazing flames.
An orc wizard comes into view. It is wielding a +0 dagger.
The orc wizard points at itself and mumbles some strange words.
The orc wizard flickers and vanishes!
Deactivating autopickup; reactivate with Ctrl-A.
The orc warrior seems less confused.
The orc warrior hits you from afar with a +0 glaive!
Casting: Mephitic Cloud (dangerous; 10% risk of failure)
Confirm with . or Enter, or press ? or * to list all spells.
Aiming: Mephitic Cloud (dangerous; 10% risk of failure)
Press: ? - help, Shift-Dir - straight line, f/p - orc warrior
Aim: an orc warrior, wielding a +0 glaive and wearing a +0 plate armour (severely wounded, very poisoned, chance to affect: 81%)
The ball explodes into a vile cloud!
The stinking cloud engulfs the orc warrior but does no damage.
The orc warrior is severely wounded.
The stinking cloud engulfs the orc but does no damage.
The orc is engulfed in noxious fumes.
The orc appears confused.
The orc completely misses the orc warrior.
The orc warrior is engulfed in noxious fumes.
The orc warrior barely misses you.
Unknown command.
Unknown command.
The orc is engulfed in noxious fumes.
The orc appears confused.
The orc warrior is engulfed in noxious fumes.
The orc warrior barely misses you.
You barely miss the orc.
The orc is engulfed in blazing flames.
You kill the orc!
The orc warrior hits you from afar with a +0 glaive!
Unknown command.
Casting: Mephitic Cloud (dangerous; 10% risk of failure)
Confirm with . or Enter, or press ? or * to list all spells.
Aiming: Magic Dart (safe; 1% risk of failure)
Press: ? - help, Shift-Dir - straight line, f/p - orc warrior
Aim: an orc warrior, wielding a +0 glaive and wearing a +0 plate armour (almost dead, very poisoned, 100% to hit)
The magic dart hits the orc warrior but does no damage.
The orc warrior is almost dead.
The orc warrior hits you from afar with a +0 glaive!!
You die...

###........
####......>...
##.##......(..#
##.<#......#...#
#.........##....
###...........#.
##......###....#
###.○.............
#@§o○.).[.........
###°○.............
#...............
#...#...........
#...##..........
####............
.##.<..o...<
.#.##......
#.#.......


You could see an orc warrior (poisoned).

Vanquished Creatures
  Sigmund (D:2)
  An orc warrior (D:6)
  2 ogres (D:4)
  A centaur (D:5)
  2 phantoms (D:5)
  A water moccasin skeleton (D:4)
  A centaur zombie (D:5)
  2 hounds
  An orc priest (D:5)
  3 bullfrog skeletons
  2 iguanas (D:4)
  5 orc wizards
  A killer bee zombie (D:6)
  2 hound skeletons (D:4)
  7 gnolls
  4 adders
  A worm (D:2)
  3 dart slugs
  22 orcs
  5 ball pythons
  6 endoplasms
  2 giant cockroaches (D:1)
  3 goblins
  8 hobgoblins
  3 jackals
  8 kobolds
  4 quokkas
  7 bats
  2 frilled lizards
  5 rats
115 creatures vanquished.

Vanquished Creatures (collateral kills)
  An ice beast (D:2)
1 creature vanquished.

Grand Total: 116 creatures vanquished

Notes
Turn   | Place    | Note
-------+----------+-------------------------------------------
     0 | D:1      | pokeman the Deep Elf Hedge Wizard began the quest for the
                  | Orb.
     0 | D:1      | Reached XP level 1. HP: 10/10 MP: 7/7
   272 | D:1      | Reached XP level 2. HP: 15/15 MP: 6/9
   971 | D:1      | Reached skill level 5 in Spellcasting
  1210 | D:1      | Reached XP level 3. HP: 20/20 MP: 7/11
  1214 | D:1      | Learned a level 3 spell: Mephitic Cloud
  1217 | D:1      | Learned a level 2 spell: Call Imp
  1220 | D:1      | Learned a level 2 spell: Blink
  1224 | D:1      | Learned a level 3 spell: Conjure Flame
  1820 | D:2      | Found Peusoin's Book Boutique.
  1845 | D:2      | Noticed an ice beast
  1874 | D:2      | Killed an ice beast
  1875 | D:2      | Reached skill level 1 in Fighting
  1875 | D:2      | Reached skill level 1 in Armour
  1875 | D:2      | Reached XP level 4. HP: 25/25 MP: 1/13
  2383 | D:2      | Noticed Sigmund
  2399 | D:2      | Killed Sigmund
  2400 | D:2      | Reached skill level 6 in Spellcasting
  2400 | D:2      | Reached skill level 1 in Fire Magic
  2400 | D:2      | Reached XP level 5. HP: 23/29 MP: 5/16
  2400 | D:2      | Reached XP level 6. HP: 27/34 MP: 5/17
  3284 | D:3      | Found a faded altar of an unknown god.
  3516 | D:3      | You fall into a shaft and drop 2 floors!
  3516 | D:5      | Entered Level 5 of the Dungeon
  3517 | D:5      | Found a staircase to the Ecumenical Temple.
  3527 | Temple   | Entered the Ecumenical Temple
  3770 | D:5      | Reached skill level 7 in Spellcasting
  3895 | D:5      | Reached skill level 1 in Shields
  3895 | D:5      | Reached skill level 1 in Air Magic
  4050 | D:4      | Reached skill level 1 in Poison Magic
  4050 | D:4      | Reached XP level 7. HP: 38/38 MP: 13/20
  4214 | D:4      | Reached skill level 8 in Spellcasting
  4564 | D:4      | Found a glowing silver altar of Zin.
  4809 | D:4      | Reached skill level 1 in Evocations
  4932 | D:4      | HP: 1/39 [orc/+0 hand axe (5)]
  6129 | D:5      | Found an opulent altar of Gozag.
  6136 | D:5      | HP: 1/40 [orc/boomerang (6)]
  6447 | D:5      | Reached XP level 8. HP: 44/44 MP: 19/22
  6490 | D:5      | Reached skill level 9 in Spellcasting
  6756 | D:5      | Identified the +1 robe "Sattios" {-Tele Dex+3 SInv}
  7018 | D:6      | Reached skill level 5 in Conjurations
  7283 | D:6      | Slain by an orc warrior

Illustrated notes

Levels and vault maps discovered:
D:1:      nzn_arrival_crosshair, layout_basic, nrook_campfire,
          minmay_pentomino_x4
D:2:      minmay_angry_zag, layout_loops_ring, serial_shops, shop,
          minmay_statues_item, uniq_sigmund
D:3:      layout_rooms, hellmonk_ecumenical_altar_slurped_away
D:4:      layout_basic, amcnicky_altar_gilded
D:5:      layout_basic, old_standard_altar, minmay_temple_entry_ruins,
          serial_glass, glass_columns_b, glass_columns_c, feat_on_display
D:6:      black_bear_nest_2, layout_cave_pools, feat_on_display
Temple:   eino_narrow_crystal_temple

Skill      XL: |  1  2  3  4  5  6  7  8 |
---------------+-------------------------+-----
Spellcasting   | 5 6 7 8 9 |  9.6
Fighting       | 1 2 |  2.0
Armour         | 1 2 |  2.0
Conjurations   | 2 3 4 5 |  5.0
Dodging        | 3 |  3.3
Fire Magic     | 1 2 |  2.9
Shields        | 1 |  1.3
Air Magic      | 1 |  1.1
Stealth        | 3 |  3.0
Poison Magic   | 1 |  1.1
Evocations     | 2 |  2.1
Summonings     | |  1.1
Translocations | |  1.1

Action                   |  1- 3 |  4- 6 |  7- 9 || total
-------------------------+-------+-------+-------++-------
Melee: Dagger            |    11 |    16 |    74 ||   101
       Scythe            |       |     6 |       ||     6
 Cast: Magic Dart        |    73 |    79 |    66 ||   218
       Call Imp          |     5 |       |       ||     5
       Mephitic Cloud    |       |     6 |    19 ||    25
       Conjure Flame     |       |     4 |    14 ||    18
       Blink             |       |       |     2 ||     2
 Stab: Confused          |       |     1 |     4 ||     5
Armor: Robe              |     3 |       |       ||     3
       Leather armour    |     1 |     4 |    15 ||    20
Dodge: Dodged            |    17 |    11 |    61 ||    89

Table legend: (Time is in decaauts)
 A = Elapsed time spent in this place.
 B = Non-inter-level travel time spent in this place.
 C = Inter-level travel time spent in this place.
 D = Time resting spent in this place.
 E = Time spent auto-exploring this place.
 F = Levels seen in this place.
 G = Mean time per level.
                   A        B        C        D        E       F      G
               +--------+--------+--------+--------+--------+-----+--------+
         Total |   7290 |   7063 |    227 |    675 |   5429 |   7 | 1041.4 |
       Dungeon |   6818 |   6604 |    214 |    411 |   5238 |   6 | 1136.3 |
        Temple |    472 |    459 |     13 |    264 |    191 |   1 |  472.0 |
               +--------+--------+--------+--------+--------+-----+--------+

Top non-repeatable levels by time:
     D:1: 1681 daAuts
     D:4: 1615 daAuts
     D:5: 1313 daAuts
     D:2: 1253 daAuts
     D:3: 778 daAuts
  Temple: 472 daAuts
     D:6: 176 daAuts
